 Dungeon Crawl Stone Soup version 0.17-a0-119-g2b06fc5 (webtiles) character file.

235 Ngotmuk the Shield-Bearer (level 5, -4/50 HPs)
             Began as a Deep Dwarf Fighter on Mar 21, 2015.
             Slain by Crazy Yiuf
             ... wielding a +2 quarterstaff of chaos
              (12 damage)
             ... on level 3 of the Dungeon.
             The game lasted 00:04:12 (1461 turns).

Ngotmuk the Shield-Bearer (Deep Dwarf Fighter)      Turns: 1461, Time: 00:04:12

Health: -4/50      AC:  7    Str: 20    XL:     5   Next: 76%
Magic:  5/5        EV: 13    Int:  9    God:
Gold:   167        SH: 10    Dex: 12    Spells: 0 memorised, 4 levels left

rFire  . . .     SeeInvis .     a - +0 flail
rCold  . . .     Clarity  .     b - +0 scale mail
rNeg   . . .     SustAb   .     c - +0 shield
rPois  .         Gourm    .     (no helmet)
rElec  .         Spirit   .     (no cloak)
rCorr  .         Warding  .     (no gloves)
rMut   .         Stasis   .     (no boots)
MR     .....                    (no amulet)
Stlth  ..........               (no ring)
                                s - +5 ring of evasion

@: non-regenerating, not resistant to hostile enchantments, extremely unstealthy
A: damage resistance, recharge devices, sense surroundings 1, slow healing 3
a: Device Recharging


You were on level 3 of the Dungeon.
You were not hungry.

You visited 1 branch of the dungeon, and saw 3 of its levels.

You collected 167 gold pieces.

Inventory:

Hand weapons
 a - a +0 flail (weapon)
Armour
 b - a +0 scale mail (worn)
 c - a +0 shield (worn)
Jewellery
 s - a +5 ring of evasion (left hand)
Magical devices
 d - a wand of heal wounds (4)
Scrolls
 h - a scroll of random uselessness {unknown}
 j - 2 scrolls of magic mapping {unknown}
 l - 2 scrolls of identify {unknown}
 o - a scroll of teleportation {unknown}
 r - a scroll of recharging {unknown}
 t - 2 scrolls of remove curse {unknown}
Potions
 e - a potion of might
 g - a potion of brilliance {unknown}
 k - 2 potions of degeneration {unknown}
 n - a potion of invisibility {unknown}
 p - a potion of cure mutation {unknown}
 q - 2 potions of ambrosia {unknown}
 u - a potion of restore abilities {unknown}
 v - a potion of heal wounds {unknown}
Comestibles
 f - a bread ration
 i - 2 meat rations
 m - a slice of pizza


   Skills:
 + Level 3.7 Fighting
 + Level 3.0 Maces & Flails
 + Level 4.3 Armour
 + Level 1.8 Dodging
 + Level 4.6 Shields


You had 4 spell levels left.
You didn't know any spells.

Dungeon Overview and Level Annotations

Branches:
Dungeon (3/15)

Altars:

Annotations:
D:3 Crazy Yiuf


Innate Abilities, Weirdness & Mutations

You are resistant to damage.
You can recharge devices by infusing magical energy.
You passively map a small area around you.
You do not heal naturally.


Message History

You hit the quokka!
You kill the quokka!
You are no longer poisoned.
Found a glowing hammer.
Eat which item? (? for menu, Esc to quit)
That beef jerky was delicious!
Crazy Yiuf the Enlightened comes into view.
He is wielding a quarterstaff of chaos.
Crazy Yiuf shouts!
Crazy Yiuf grits, "Mugger sow testudinal!"
Crazy Yiuf moves out of view.
Crazy Yiuf yells, "Pitchfork!"
You hit Crazy Yiuf.
Crazy Yiuf is moderately wounded.
You block Crazy Yiuf's attack.
You barely miss Crazy Yiuf.
Crazy Yiuf is moderately wounded.
Crazy Yiuf closely misses you.
Crazy Yiuf hits you with a quarterstaff of chaos.
You are electrocuted!
You die...

#..##.##.######## *
.................
#..##.##.######## *
#..##)#.## * #..##.'.#
#..####.#######
........#...#.###* ###
#..###.......#..##...#
...# #....#.####@g...#
...# ##.#..## ###..)#
...######### ###
...##...# ...##...# *
........## ,
.#)##....# * ,
##.##....# *
.........### *


You could see Crazy Yiuf.

Vanquished Creatures
  The ghost of Kaesh the Skirmisher, an average CeBe of Trog (D:3)
  4 adders
  A worm (D:2)
  An ooze (D:1)
  An orc (D:3)
  7 bats
  4 giant cockroaches
  4 goblins
  6 hobgoblins
  9 jackals (D:1)
  3 quokkas
  A giant gecko (D:2)
  6 giant newts
  3 kobolds
  4 rats
55 creatures vanquished.

Notes
Turn   | Place    | Note
--------------------------------------------------------------
     0 | D:1      | Ngotmuk, the Deep Dwarf Fighter, began the quest for the Orb.
     0 | D:1      | Reached XP level 1. HP: 20/20 MP: 1/1
   139 | D:1      | Reached XP level 2. HP: 20/27 MP: 2/2
   532 | D:1      | Reached XP level 3. HP: 14/34 MP: 3/3
   803 | D:2      | Reached skill level 4 in Shields
   979 | D:2      | Reached XP level 4. HP: 33/42 MP: 4/4
  1324 | D:3      | Noticed Kaesh's ghost (average CeBe)
  1333 | D:3      | Killed Kaesh's ghost
  1333 | D:3      | Reached skill level 1 in Dodging
  1333 | D:3      | Reached XP level 5. HP: 14/50 MP: 5/5
  1457 | D:3      | Noticed Crazy Yiuf
  1461 | D:3      | Slain by Crazy Yiuf

Action                   |  1- 3 |  4- 6 || total
-------------------------+-------+-------++-------
Melee: Flail             |   134 |    60 ||   194
Evoke: Wand              |     1 |       ||     1
  Eat: Beef jerky        |       |     2 ||     2
